 Dungeon Crawl Stone Soup version 0.23.2-40-g277498a001 (console) character file.

Game seed: 1088064307491074276

23114 Morrissey the Carver (level 12, -4/106 HPs)
             Began as a Minotaur Fighter on Sept 27, 2019.
             Was a High Priest of Okawaru.
             Slain by a komodo dragon (25 damage)
             ... on level 2 of the Lair of Beasts.
             The game lasted 00:23:00 (11678 turns).

Morrissey the Carver (Minotaur Fighter)            Turns: 11678, Time: 00:23:01

Health: -4/106     AC: 19    Str: 23    XL:     12   Next: 69%
Magic:  19/19      EV:  7    Int:  5    God:    Okawaru [*****.]
Gold:   425        SH: 12    Dex: 17    Spells: 11/11 levels left

rFire    . . .     SeeInvis +   a - +1 scimitar (holy)
rCold    . . .     Gourm    .   c - +0 shield
rNeg     + . .     Faith    .   G - +3 chain mail "Ogoidisu" {Dex+4}
rPois    +         Spirit   .   E - +1 hat
rElec    .         Reflect  .   Q - +1 cloak {MR+}
rCorr    .         Harm     .   d - +0 pair of gloves "Osobles" {rPois}
MR       +....                  (no boots)
Stlth    ..........             (no amulet)
HPRegen  0.27/turn              C - ring of positive energy
MPRegen  0.16/turn              n - ring of see invisible

@: no status effects
A: retaliatory headbutt, horns 2
a: Heroism, Finesse, Renounce Religion


You were on level 2 of the Lair of Beasts.
You worshipped Okawaru.
Okawaru was extremely pleased with you.
You were not hungry.

You visited 2 branches of the dungeon, and saw 14 of its levels.

You collected 689 gold pieces.
You spent 264 gold pieces at shops.

Inventory:

Hand Weapons
 a - a +1 scimitar of holy wrath (weapon)
Armour
 c - a +0 shield (worn)
 d - the +0 pair of gloves "Osobles" (worn) {rPois}
   (Okawaru gifted it to you on level 10 of the Dungeon)

   It protects you from poison.
 E - a +1 hat (worn)
 G - the +3 chain mail "Ogoidisu" (worn) {Dex+4}
   (You found it on level 5 of the Dungeon)

   It affects your dexterity (+4).
 Q - a +1 cloak of magic resistance (worn)
Jewellery
 j - an uncursed ring of magical power
 n - a ring of see invisible (right hand)
 A - a +2 ring of intelligence {unknown}
 B - an uncursed ring of protection from magic
 C - a ring of positive energy (left hand)
 D - an uncursed ring of flight {unknown}
 H - an uncursed ring of wizardry {unknown}
 R - a cursed ring of teleportation {unknown}
Wands
 b - a wand of digging (6)
 p - a wand of flame (35)
 v - a wand of scattershot (5)
 I - a wand of polymorph (9)
 J - a wand of disintegration (25)
 L - a wand of iceblast (15)
 O - a wand of clouds (7)
 P - a wand of paralysis (7)
Scrolls
 e - 7 scrolls of teleportation {unknown}
 h - 3 scrolls of enchant weapon {unknown}
 i - 3 scrolls of amnesia {unknown}
 l - 6 scrolls of enchant armour {unknown}
 o - 12 scrolls of identify
 s - 7 scrolls of remove curse {unknown}
 t - 2 scrolls of fear {unknown}
 w - 2 scrolls of immolation {unknown}
 y - 3 scrolls of blinking {unknown}
 z - 3 scrolls of noise {unknown}
 K - a scroll of magic mapping {unknown}
 M - 5 scrolls of vulnerability {unknown}
Potions
 g - a potion of cancellation
 k - 2 potions of lignification
 m - 2 potions of heal wounds
 q - 4 potions of flight
 r - 4 potions of curing
 u - a potion of brilliance {unknown}
 x - 2 potions of degeneration
 F - 2 potions of mutation
 N - a potion of haste
Comestibles
 f - 11 rations
 S - 13 chunks of flesh


   Skills:
 - Level 10.1 Fighting
 - Level 14.0 Long Blades
 - Level 10.1 Armour
 - Level 10.0 Shields
 + Level 11.6 Invocations


You had 11 spell levels left.
You didn't know any spells.
Your spell library contained the following spells:

 Spells                   Type           Power        Failure   Level  Hunger
 Infusion                 Chrm           #...         99%         1    ##.....
 Magic Dart               Conj           #...         99%         1    ##.....
 Searing Ray              Conj           #.....       100%        2    ###....
 Shroud of Golubria       Chrm/Tloc      #.........   100%        2    ###....
 Song of Slaying          Chrm           #.......     100%        2    ###....
 Dazzling Spray           Conj/Hex       #.....       100%        3    ####...
 Regeneration             Chrm/Necr      #.........   100%        3    ####...
 Spectral Weapon          Hex/Chrm       #.......     100%        3    ####...
 Force Lance              Conj/Tloc      #.......     100%        4    #####..
 Fulminant Prism          Conj/Hex       #.........   100%        4    #####..
 Iskenderun's Mystic Bla  Conj           #.......     100%        4    #####..


Dungeon Overview and Level Annotations

Branches:
Dungeon (12/15)            Temple (0/1) D:6            Lair (2/6) D:10
    Orc (0/2) D:11
  Swamp: Lair:2-4    Shoals: Lair:2-4     Snake: Lair:2-4    Spider: Lair:2-4

Altars:
Ashenzari
Fedhas
Makhleb
Nemelex Xobeh
Okawaru
Ru
Sif Muna
Trog
Xom
Zin

Shops:
D:10 !

Annotations:
D:8 3 runed translucent doors, Zarkath's ghost, novice MfSk


Innate Abilities, Weirdness & Mutations

You reflexively headbutt those who attack you in melee.
You have a pair of horns on your head.


Message History

The iguana hisses menacingly.
Unknown command.
The iguana bites you but does no damage.
You are too injured to fight recklessly!
You enter the shallow water.
Moving in this stuff is going to be slow.
The crocodile bites you!
* * * LOW HITPOINT WARNING * * *
The crocodile barely misses you. You block the iguana's attack.
The crocodile bites you.
* * * LOW HITPOINT WARNING * * *
The komodo dragon bites you!!
* * * LOW HITPOINT WARNING * * *
You enter the shallow water.
Moving in this stuff is going to be slow.
You block the crocodile's attack. You block the komodo dragon's attack.
The komodo dragon bites you but does no damage.
The crocodile completely misses you. You block the crocodile's attack.
The komodo dragon bites you!!
You die...

.. ......S.......#...#.####
..............#..P###.........
............###...PP#..........
...............................
...............................
...........≈≈≈≈...............
.........≈≈≈≈≈................
...l.....≈≈≈≈≈≈t..<.P.....#..####
lll......≈≈≈≈≈≈l@.P#P....<##.#...
####.#..≈≈≈≈≈≈.l...##.....##.....
.#P..#..≈≈≈≈≈≈>....##.....##.....
##......l≈≈≈≈l.....##......#.....
##......≈≈≈≈≈≈≈....##.....##.....
##.....#.≈≈≈l......P#............
#####.##...≈..............PP.....
.#####.##...≈#.....#.......#.....
......(.....######.##.....P####.#


You could see a komodo dragon, a crocodile and 3 iguanas.

Vanquished Creatures
  Snorg (D:10)
  Harold (D:10)
  2 two-headed ogres
  Urug (D:11)
  A death yak (Lair:2)
  Nergalle (Lair:1)
  An unseen horror (D:11)
  A deep elf mage (D:11)
  Maurice (D:10)
  An ugly thing (D:11)
  A torpor snail (Lair:2)
  2 spiny frogs
  A rime drake (Lair:2)
  5 komodo dragons
  4 trolls
  5 blink frogs (Lair:1)
  A hornet (D:11)
  A slime creature (D:11)
  6 hippogriffs
  24 yaks
  A shadow (D:11)
  A wyvern (D:10)
  A human (D:8)
  A hungry ghost (D:10)
  A basilisk (Lair:2)
  Menkaure (D:5)
  7 water moccasins
  2 porcupines
  3 sky beasts
  An ice beast (D:11)
  3 orc warriors
  3 eyes of draining
  3 black bears
  3 ogres
  2 phantoms
  A crocodile (Lair:1)
  3 centaurs
  4 big kobolds
  7 bullfrogs
  Blork the orc (D:4)
  4 scorpions
  28 killer bees
  4 wights (D:10)
  A howler monkey (D:9)
  2 bullfrog zombies
  6 crimson imps
  4 hounds
  2 bullfrog skeletons
  A centaur skeleton (D:10)
  Crazy Yiuf (D:2)
  4 jellies
  4 orc priests
  Terence (D:3)
  Jessica (D:2)
  6 iguanas
  Natasha (D:3)
  8 orc wizards
  9 worker ants
  A killer bee zombie (D:6)
  2 hound zombies
  A hound skeleton (D:8)
  A worker ant zombie (D:5)
  4 gnolls (D:8)
  14 adders
  5 shadow imps
  5 worms
  3 dart slugs
  7 leopard geckos
  31 orcs
  A ball python (D:3)
  4 giant cockroaches
  8 goblins
  10 hobgoblins
  12 jackals
  32 kobolds
  5 quokkas
  6 bats
  2 frilled lizards
  A jackal skeleton (D:5)
  A leopard gecko skeleton (D:7)
  A leopard gecko zombie (D:6)
  A quokka skeleton (D:8)
  10 rats
  2 fungi (D:2)
367 creatures vanquished.

Vanquished Creatures (others)
  A plant (Lair:1)
1 creature vanquished.

Grand Total: 368 creatures vanquished

Notes
Turn   | Place    | Note
-------+----------+-------------------------------------------
     0 | D:1      | Morrissey the Minotaur Fighter began the quest for the Orb.
     0 | D:1      | Reached XP level 1. HP: 19/19 MP: 0/0
   150 | D:1      | Reached XP level 2. HP: 27/27 MP: 1/1
   240 | D:1      | Reached skill level 3 in Long Blades
   500 | D:1      | You fall through a shaft!
   584 | D:1      | Reached XP level 3. HP: 33/33 MP: 2/2
  1036 | D:2      | Found an iron altar of Okawaru.
  1036 | D:2      | Found a bloodstained altar of Trog.
  1051 | D:2      | Became a worshipper of Warmaster Okawaru
  1218 | D:2      | Noticed Jessica
  1232 | D:2      | Killed Jessica
  1232 | D:2      | Reached XP level 4. HP: 36/40 MP: 3/3
  1325 | D:2      | Reached skill level 4 in Long Blades
  1515 | D:2      | Found a sacrificial altar of Ru.
  1750 | D:2      | Found a runed translucent door.
  1751 | D:2      | Noticed Crazy Yiuf
  1760 | D:2      | Killed Crazy Yiuf
  1830 | D:3      | Reached XP level 5. HP: 38/47 MP: 4/4
  2060 | D:3      | Noticed Terence
  2068 | D:3      | Killed Terence
  2179 | D:3      | Reached skill level 5 in Long Blades
  2281 | D:3      | Found a glowing drain.
  2378 | D:3      | Found a faded altar of an unknown god.
  2389 | D:3      | Noticed Natasha
  2394 | D:3      | Killed Natasha
  2394 | D:3      | Reached XP level 6. HP: 55/55 MP: 5/5
  2469 | D:4      | Noticed Blork the orc
  2482 | D:4      | Killed Blork the orc
  2482 | D:4      | Reached * piety under Okawaru
  2482 | D:4      | Reached skill level 5 in Fighting
  2482 | D:4      | Reached skill level 5 in Armour
  2482 | D:4      | Reached skill level 5 in Shields
  3139 | D:5      | Entered Level 5 of the Dungeon
  3214 | D:5      | Reached skill level 6 in Long Blades
  3214 | D:5      | Reached XP level 7. HP: 37/61 MP: 6/6
  3376 | D:5      | HP: 2/61 [bullfrog zombie (6)]
  3718 | D:5      | Noticed Menkaure
  3727 | D:5      | Killed Menkaure
  3727 | D:5      | Reached ** piety under Okawaru
  3842 | D:5      | Reached skill level 7 in Long Blades
  4193 | D:5      | Got a distressingly furry chain mail
  4204 | D:5      | Identified the +3 chain mail "Ogoidisu" {Dex+4} (You found
                  | it on level 5 of the Dungeon)
  4245 | D:6      | Reached XP level 8. HP: 70/70 MP: 7/7
  4297 | D:6      | Found a burning altar of Makhleb.
  4338 | D:6      | Found a staircase to the Ecumenical Temple.
  4404 | D:6      | Reached skill level 8 in Long Blades
  4509 | D:6      | Found a deep blue altar of Sif Muna.
  4652 | D:6      | Found a shattered altar of Ashenzari.
  4838 | D:7      | Reached *** piety under Okawaru
  4990 | D:7      | Found a sparkling altar of Nemelex Xobeh.
  5080 | D:7      | Reached skill level 9 in Long Blades
  5128 | D:7      | Found a blossoming altar of Fedhas.
  5537 | D:8      | Noticed a troll
  5548 | D:8      | Killed a troll
  5548 | D:8      | Reached XP level 9. HP: 62/79 MP: 8/8
  5601 | D:8      | Noticed a two-headed ogre
  5612 | D:8      | Killed a two-headed ogre
  5612 | D:8      | Reached **** piety under Okawaru
  5612 | D:8      | Reached skill level 10 in Long Blades
  6045 | D:8      | Reached ***** piety under Okawaru
  6241 | D:8      | Found a shimmering altar of Xom.
  6257 | D:8      | Found a runed translucent gate.
  6257 | D:8      | Found a runed translucent gate.
  6257 | D:8      | Found a runed translucent gate.
  6257 | D:8      | Noticed Zarkath's ghost (novice MfSk)
  6376 | D:8      | Found a sparkling altar of Nemelex Xobeh.
  6606 | D:9      | Reached skill level 11 in Long Blades
  6625 | D:9      | Reached XP level 10. HP: 87/90 MP: 9/9
  6933 | D:9      | Found a glowing silver altar of Zin.
  7211 | D:9      | Received a gift from Okawaru
  7355 | D:10     | Entered Level 10 of the Dungeon
  7451 | D:10     | Reached skill level 12 in Long Blades
  7491 | D:10     | Noticed Maurice
  7518 | D:10     | Killed Maurice
  7569 | D:10     | Found Alobuuwk's Distillery.
  7588 | D:10     | Bought a potion of heal wounds for 55 gold pieces
  7588 | D:10     | Bought a potion of haste for 110 gold pieces
  7588 | D:10     | Bought a potion of degeneration for 11 gold pieces
  7588 | D:10     | Bought a potion of mutation for 88 gold pieces
  7711 | D:10     | Noticed Snorg
  7730 | D:10     | Killed Snorg
  7730 | D:10     | Reached XP level 11. HP: 34/99 MP: 7/10
  7993 | D:10     | Received a gift from Okawaru
  8001 | D:10     | Got a pair of ichor-stained gloves {god gift}
  8012 | D:10     | Identified the +0 pair of gloves "Osobles" {rPois} (Okawaru
                  | gifted it to you on level 10 of the Dungeon)
  8092 | D:10     | Found a staircase to the Lair.
  8099 | D:10     | Reached skill level 10 in Fighting
  8099 | D:10     | Reached skill level 10 in Armour
  8142 | D:10     | Noticed Harold
  8167 | D:10     | Killed Harold
  8167 | D:10     | Reached skill level 13 in Long Blades
  8167 | D:10     | Reached skill level 10 in Shields
  8167 | D:10     | Reached skill level 1 in Invocations
  8296 | D:11     | Noticed a deep elf mage
  8322 | D:11     | Killed a deep elf mage
  8356 | D:11     | Noticed a white ugly thing
  8395 | D:11     | Killed a white ugly thing
  8417 | D:11     | HP: 4/99 [yak (7)]
  8788 | D:11     | Reached skill level 14 in Long Blades
  8809 | D:11     | Found a staircase to the Orcish Mines.
  8811 | D:11     | Noticed a two-headed ogre
  8825 | D:11     | Killed a two-headed ogre
  8833 | D:11     | Reached skill level 5 in Invocations
  8841 | D:11     | Noticed an unseen horror
  8850 | D:11     | Killed an unseen horror
  8963 | D:11     | Noticed Urug
  8992 | D:11     | Killed Urug
  9103 | Lair:1   | Entered Level 1 of the Lair of Beasts
  9328 | Lair:1   | Reached ****** piety under Okawaru
  9374 | Lair:1   | Reached XP level 12. HP: 84/106 MP: 16/16
  9405 | Lair:1   | Received a gift from Okawaru
  9943 | Lair:1   | Noticed Nergalle
  9957 | Lair:1   | Killed Nergalle
 10786 | Lair:2   | Reached skill level 10 in Invocations
 11516 | Lair:2   | Noticed a death yak
 11544 | Lair:2   | Killed a death yak
 11678 | Lair:2   | Slain by a komodo dragon

Skill      XL: |  1  2  3  4  5  6  7  8  9 10 11 12 |
---------------+-------------------------------------+-----
Long Blades    | 3 4 5 6 7 9 11 12 14 | 14.0
Fighting       | 4 5 6 7 8 9 10 | 10.1
Shields        | 4 5 6 7 8 9 10 | 10.0
Armour         | 4 5 6 7 8 9 10 | 10.1
Invocations    | 7 11 | 11.6

Action                   |  1- 3 |  4- 6 |  7- 9 | 10-12 || total
-------------------------+-------+-------+-------+-------++-------
Melee: Long sword        |    83 |   209 |   372 |   145 ||   809
       Headbutt          |    14 |    38 |    81 |   223 ||   356
       Scimitar          |       |       |       |   655 ||   655
Invok: Heroism           |       |       |       |     4 ||     4
       Finesse           |       |       |       |     2 ||     2
  Use: Potion            |       |       |     3 |     3 ||     6
       Scroll            |       |       |       |     1 ||     1
 Stab: Distracted        |       |       |       |     1 ||     1
  Eat: Chunk             |     1 |     7 |    11 |    16 ||    35
       Ration            |       |       |       |     1 ||     1
Armor: Scale mail        |    27 |    88 |    62 |       ||   177
       Skin              |       |       |    50 |       ||    50
       Chain mail        |       |       |   102 |   383 ||   485
Dodge: Dodged            |    31 |    47 |    95 |   181 ||   354
Block: Shield            |    54 |   112 |   242 |   457 ||   865
       Rpst.: Long sword |     8 |    12 |    18 |     8 ||    46
       Scimitar          |       |       |       |    38 ||    38
